 Dungeon Crawl Stone Soup version bcrawl-1.40.3b (webtiles) character file.

Game seed: 10182771492551825048

236885 Galewind the Magician (level 8, 0/43 HPs)
             Began as an Avariel Ice Elementalist on Mar 14, 2024.
             Was an Initiate of Vehumet.
             Shot with an arrow by a centaur (10 damage)
             ... on level 5 of the Dungeon.
             The game lasted 00:05:47 (4317 turns).

Galewind the Magician (Avariel Ice Elementalist)    Turns: 4317, Time: 00:05:47

Health: 0/43       AC: 13    Str:  6    XL:     8   Next: 18%
Magic:  17/21      EV:  7    Int: 24    God:    Vehumet [......]
Gold:   309        SH:  0    Dex: 16    Spells: 18/21 levels left

rFire    + . .     GDR:     28% d - +0 dagger (elec)
rCold    . . .     SeeInvis .   (no shield)
rNeg     . . .     Gourm    .   m - +1 scale mail of Dramatic Exits {Dex+3} (curse)
rPois    .         Faith    .   j - +2 helmet
rElec    .         Spirit   .   b - +2 cloak
rCorr    .         Reflect  .   (no gloves)
MR       .....                  (no boots)
Stlth    +.........             (no amulet)
HPRegen  0.17/turn              (no ring)
MPRegen  0.17/turn              l - ring of protection from fire

@: no status effects
A: no striking features
a: Renounce Religion


You were on level 5 of the Dungeon.
You worshipped Vehumet.
Vehumet was noncommittal.
You were not hungry.

You visited 2 branches of the dungeon, and saw 6 of its levels.

You collected 309 gold pieces.

Inventory:

Hand Weapons
 d - a +0 dagger of electrocution (weapon)
Armour
 b - a +2 cloak (worn)
 j - a +2 helmet (worn)
 m - the cursed +1 scale mail of Dramatic Exits (worn) {Dex+3}
   (You found it on level 4 of the Dungeon)

   It affects your dexterity (+3).
   It has a curse placed upon it.
Jewellery
 h - an uncursed ring of resist corrosion {unknown}
 l - a ring of protection from fire (right hand)
Scrolls
 a - a scroll of enchant weapon {unknown}
 c - a scroll of teleportation
 i - 2 scrolls of identify
 k - a scroll of fog
 o - a scroll of enchant armour
Potions
 f - a potion of haste {unknown}
 g - 3 potions of heal wounds
 n - a potion of might
 p - a potion of brilliance {unknown}
 q - a potion of curing {unknown}
Comestibles
 e - 9 rations {!d}


   Skills:
 + Level 1.6 Fighting
 + Level 1.4 Short Blades
 + Level 3.3 Dodging
 - Level 2.1 Stealth
 + Level 7.4 Spellcasting
 + Level 2.3 Conjurations
 + Level 6.6 Ice Magic


You had 18 spell levels left.
You knew the following spells:

 Your Spells              Type           Power        Failure   Level  Hunger
a - Freeze                Ice            #####.       9%          1    None
b - Throw Frost           Conj/Ice       ####..       12%         2    None

Your spell library contained the following spells:

 Spells                   Type           Power        Failure   Level  Hunger
 Ozocubu's Armour         Chrm/Ice       ###.....     67%         3    None
 Throw Icicle             Conj/Ice       ####....     89%         4    ###....
 Ice Form                 Ice/Tmut       ###.....     97%         4    ###....
 Summon Ice Beast         Ice/Summ       ###.....     97%         4    ###....


Dungeon Overview and Level Annotations

Branches:
Dungeon (5/12)             Temple (1/1) D:4

Altars:
Ashenzari
Cheibriados
Dithmenos
Elyvilon
Fedhas
Gozag
Hepliaklqana
Kikubaaqudgha
Lugonu
Makhleb
Nemelex Xobeh
Qazlal
Ru
Sif Muna
Trog
Uskayaw
Vehumet
Wu Jian
Xom
Yredelemnul
Zin
The Shining One

Annotations:
D:4 2 transporters, tronn's ghost, weakling OgAc


Message History

Casting: Throw Frost (safe; 12% risk of failure)
Confirm with . or Enter, or press ? or * to list all spells.
Aiming: Throw Frost (safe; 12% risk of failure)
Press: ? - help, Shift-Dir - straight line, f - centaur
Aim: a centaur, wielding a +0 shortbow and quivering 127 arrows The puff of frost misses the centaur.
The centaur shoots an arrow.
The arrow hits you but does no damage.
Casting: Throw Frost (safe; 12% risk of failure)
Confirm with . or Enter, or press ? or * to list all spells.
Aiming: Throw Frost (safe; 12% risk of failure)
Press: ? - help, Shift-Dir - straight line, f/p - centaur
Aim: a centaur, wielding a +0 shortbow and quivering 126 arrows The puff of frost hits the centaur.
The centaur is moderately wounded.
The centaur shoots an arrow.
The arrow hits you!
The centaur shoots an arrow.
The arrow hits you.
The centaur shoots an arrow.
The arrow hits you!
* * * LOW HITPOINT WARNING * * *
The centaur shoots an arrow.
The arrow hits you!
You die...

.. .....##.....#...##...#
.........#.....#...##...#
....##.##.###..<...###....
...(.#..#...#....### ##.##
.....[...^......## ###
.................#
..c.$....#.......#
#....##.#...#....#
#......@...#....#
#...........##..#
#...##..#....#### #...
####...## ### #...# #####


You could see a centaur.

Vanquished Creatures
  Grinder (D:3)
  Menkaure (D:4)
  Duvessa (D:3)
  Dowan (D:3)
  2 crimson imps
  A howler monkey (D:4)
  A hound (D:5)
  Crazy Yiuf (D:2)
  Ijyb (D:5)
  Natasha (thrice) (D:3 D:5)
  An orc wizard (D:3)
  4 worker ants
  Robin (D:4)
  3 adders
  An ooze (D:2)
  A dart slug (D:2)
  3 worms
  4 leopard geckos
  8 orcs
  3 bats
  A giant cockroach (D:2)
  10 goblins
  8 hobgoblins
  5 jackals
  A quokka (D:2)
  A ball python (D:2)
  3 frilled lizards
  7 kobolds
  2 rats
80 creatures vanquished.

Notes
Turn   | Place    | Note
-------+----------+-------------------------------------------
     0 | D:1      | Galewind the Avariel Ice Elementalist began the quest for
                  | the Orb.
     0 | D:1      | Reached XP level 1. HP: 10/10 MP: 6/6
   237 | D:1      | Reached XP level 2. HP: 15/15 MP: 2/7
   321 | D:1      | Reached skill level 3 in Spellcasting
   761 | D:2      | Learned a level 2 spell: Throw Frost
   937 | D:2      | Found a runed door.
   985 | D:2      | Reached XP level 3. HP: 19/19 MP: 9/9
  1450 | D:2      | Noticed Crazy Yiuf
  1453 | D:2      | Killed Crazy Yiuf
  1454 | D:2      | Reached XP level 4. HP: 24/24 MP: 6/11
  1630 | D:3      | Reached skill level 4 in Spellcasting
  1883 | D:3      | Reached XP level 5. HP: 28/28 MP: 9/13
  2044 | D:3      | Noticed Natasha
  2049 | D:3      | Killed Natasha
  2094 | D:3      | Noticed Natasha
  2099 | D:3      | Killed Natasha
  2136 | D:3      | Reached skill level 5 in Spellcasting
  2269 | D:3      | Noticed Grinder
  2286 | D:3      | Killed Grinder
  2287 | D:3      | Reached skill level 1 in Short Blades
  2287 | D:3      | Reached skill level 5 in Ice Magic
  2287 | D:3      | Reached XP level 6. HP: 29/33 MP: 9/16
  2508 | D:4      | Got a twisted scale mail
  2509 | D:4      | Found a transporter.
  2537 | D:4      | Reached skill level 1 in Fighting
  2537 | D:4      | Reached skill level 6 in Spellcasting
  2560 | D:4      | Identified the cursed +1 scale mail of Dramatic Exits
                  | {Dex+3} (You found it on level 4 of the Dungeon)
  2575 | D:4      | Reached XP level 7. HP: 38/38 MP: 15/18
  2601 | D:4      | Noticed tronn's ghost (weakling OgAc)
  2619 | D:4      | Found a transporter.
  2717 | D:4      | Noticed Robin
  2737 | D:4      | Killed Robin
  2865 | D:4      | Found a bloodstained altar of Trog.
  2979 | D:4      | Found a shimmering altar of Xom.
  2981 | D:4      | Found a shimmering altar of Xom.
  2981 | D:4      | Found a shimmering altar of Xom.
  2982 | D:4      | Noticed Duvessa
  2983 | D:4      | Noticed Dowan
  2986 | D:4      | Found a staircase to the Ecumenical Temple.
  3155 | D:3      | Killed Duvessa
  3159 | D:3      | Killed Dowan
  3160 | D:3      | Reached skill level 7 in Spellcasting
  3265 | D:4      | Noticed Menkaure
  3270 | Temple   | Entered the Ecumenical Temple
  3753 | Temple   | Became a worshipper of Vehumet
  3786 | D:4      | Killed Menkaure
  3787 | D:4      | Reached XP level 8. HP: 5/43 MP: 14/21
  3935 | D:4      | Found a shimmering altar of Xom.
  3936 | D:4      | Found a shimmering altar of Xom.
  4031 | D:5      | Entered Level 5 of the Dungeon
  4052 | D:5      | Noticed Ijyb
  4164 | D:5      | Killed Ijyb
  4174 | D:5      | Noticed Natasha
  4176 | D:5      | Killed Natasha
  4317 | D:5      | Shot with an arrow by a centaur

Skill      XL: |  1  2  3  4  5  6  7  8 |
---------------+-------------------------+-----
Spellcasting   | 3 4 5 6 7 |  7.4
Ice Magic      | 4 5 6 |  6.6
Short Blades   | 1 |  1.4
Dodging        | 3 |  3.3
Fighting       | 1 |  1.6
Conjurations   | 2 |  2.3
Stealth        | |  2.1

Action                   |  1- 3 |  4- 6 |  7- 9 || total
-------------------------+-------+-------+-------++-------
Melee: Unarmed           |     3 |       |     3 ||     6
       Dagger            |    31 |    31 |    29 ||    91
 Cast: Freeze            |    26 |    34 |    47 ||   107
       Throw Frost       |     7 |       |    10 ||    17
Evoke: Wand              |       |       |     1 ||     1
  Use: Scroll            |     3 |     3 |     2 ||     8
       Potion            |       |     3 |       ||     3
 Stab: Sleeping          |     4 |     1 |       ||     5
  Eat: Chunk             |     1 |     7 |     3 ||    11
       Ration            |       |       |     1 ||     1
Armor: Robe              |     7 |    14 |       ||    21
       Scale mail        |       |     2 |    70 ||    72
Dodge: Dodged            |    27 |    20 |    39 ||    86
